 Dungeon Crawl Stone Soup version 0.19-a0-262-g5df7875 (webtiles) character file.

30 Kidiri the Charmwright (level 3, 0/28 HPs)
             Began as a Merfolk Skald on May 25, 2016.
             Slain by a killer bee zombie (2 damage)
             ... on level 3 of the Dungeon.
             The game lasted 00:02:57 (1733 turns).

Kidiri the Charmwright (Merfolk Skald)              Turns: 1733, Time: 00:02:57

Health: 0/28       AC:  3    Str: 12    XL:     3   Next: 20%
Magic:  13/15      EV: 11    Int: 12    God:
Gold:   122        SH:  0    Dex: 13    Spells: 3 memorised, 1 level left

rFire  . . .     SeeInvis .     a - +0 falchion
rCold  . . .     Gourm    .     b - +0 leather armour
rNeg   . . .     Faith    .     (no shield)
rPois  .         Spirit   .     (no helmet)
rElec  .         Dismiss  .     (no cloak)
rCorr  .         Reflect  .     (no gloves)
SustAt .         Harm     .     (no boots)
MR     .....                    (no amulet)
Stlth  +.........               (no ring)
                                e - ring of magical power

@: very slightly contaminated, not resistant to hostile enchantments, very
unstealthy
A: change form in water, swift swim
a: no special abilities


You were on level 3 of the Dungeon.
You were not hungry.

You visited 1 branch of the dungeon, and saw 3 of its levels.

You collected 122 gold pieces.

Inventory:

Hand Weapons
 a - a +0 falchion (weapon)
Armour
 b - a +0 leather armour (worn)
Jewellery
 e - a ring of magical power (left hand)
Scrolls
 f - 3 scrolls of remove curse {unknown}
 g - 2 scrolls of teleportation {unknown}
 h - 5 scrolls of identify {unknown}
 k - a scroll of noise {unknown}
 n - a scroll of amnesia {unknown}
 o - a scroll of enchant armour {unknown}
 t - a scroll of magic mapping {unknown}
 u - 3 scrolls of enchant weapon {unknown}
Potions
 j - a potion of curing {unknown}
 l - a potion of agility {unknown}
 m - a potion of might {unknown}
 p - a potion of berserk rage {unknown}
 q - a potion of cancellation {unknown}
 r - a potion of heal wounds {unknown}
 v - a potion of mutation {unknown}
 w - a potion of magic {unknown}
Books
 c - a book of Battle

   Spells                             Type                      Level
   a - Infusion                       Charms                       1
   b - Shroud of Golubria             Charms/Translocation         2
   c - Song of Slaying                Charms                       2
   d - Spectral Weapon                Hexes/Charms                 3
   e - Regeneration                   Charms/Necromancy            3
Comestibles
 d - a bread ration
 i - a meat ration
 s - 3 chunks of flesh


   Skills:
 * Level 2.8 Fighting
 * Level 2.5 Long Blades
 * Level 1.0 Armour
 + Level 1.3 Dodging
 * Level 2.2 Spellcasting
 + Level 3.4 Charms
 + Level 0.2 Translocations


You had one spell level left.
You knew the following spells:

 Your Spells              Type           Power        Failure   Level  Hunger
a - Infusion              Chrm           #...         10%         1    ##.....
b - Song of Slaying       Chrm           #.......     14%         2    ###....
c - Shroud of Golubria    Chrm/Tloc      #.........   28%         2    ###....


Dungeon Overview and Level Annotations

Branches:
Dungeon (3/15)

Altars:
Dithmenos
Fedhas
Kikubaaqudgha
Trog


Message History

The killer bee zombie hits you.
* * * LOW HITPOINT WARNING * * *
Unknown command.
Drink which item? (? for menu, Esc to quit)
Okay, then.
Unknown command.
Read which item? (? for menu, Esc to quit)
Okay, then.
Unknown command.
Quiver which item? (- for none, * to show all) (? for menu, Esc to quit)
Okay, then.
Unknown command.
Casting: Infusion
Confirm with . or Enter, or press ? or * to list all spells.
You miscast Shroud of Golubria.
You are very lightly contaminated with residual magic.
Waves of light ripple over your body. The killer bee zombie hits you.
* * * LOW HITPOINT WARNING * * *
The killer bee zombie hits you.
You die...

#### #<@# #
####.##Z#.#####
..$...hh.......
####.#..#.#####
# #..#># #..# #
#..# #..# #..#


You could see a killer bee zombie and 2 jackals.

Vanquished Creatures
  A giant gecko (D:2)
  2 ball pythons
  A bat (D:2)
  A giant cockroach (D:2)
  4 goblins
  5 hobgoblins
  4 jackals (D:1)
  2 giant newts
  A kobold (D:1)
  4 rats
25 creatures vanquished.

Notes
Turn   | Place    | Note
--------------------------------------------------------------
     0 | D:1      | Kidiri the Merfolk Skald began the quest for the Orb.
     0 | D:1      | Reached XP level 1. HP: 16/16 MP: 3/3
   190 | D:1      | Reached XP level 2. HP: 23/23 MP: 0/5
   838 | D:2      | Found a bloodstained altar of Trog.
   844 | D:1      | Learned a level 2 spell: Song of Slaying
   847 | D:1      | Learned a level 2 spell: Shroud of Golubria
  1302 | D:2      | Found a blossoming altar of Fedhas.
  1318 | D:2      | Found an ancient bone altar of Kikubaaqudgha.
  1374 | D:2      | Reached XP level 3. HP: 27/28 MP: 6/6
  1512 | D:2      | Reached skill level 1 in Armour
  1584 | D:2      | Found a shadowy altar of Dithmenos.
  1733 | D:3      | Slain by a killer bee zombie

Vault maps used:
D:1:      lightli_arrival_flooded_house, serial_forest,
          infiniplex_forest_clump_medium, infiniplex_forest_clump_double,
          infiniplex_forest_corner_1, infiniplex_forest_diagonal,
          infiniplex_forest_clump_diagonal, infiniplex_forest_lined_2,
          infiniplex_forest_clump_medium
D:2:      nicolae_dithmenos_shadow_blocks, grunt_temple_overflow_open
D:3:      marbit_many_paths, nicolae_overflow_hidden_temple

Skill      XL: |  1  2  3 |
---------------+----------+-----
Armour         | 1 |  1.0
Fighting       | |  2.8
Long Blades    | |  2.5
Dodging        | |  1.3
Spellcasting   | |  2.2
Charms         | |  3.4
Translocations | |  0.2

Action                   || total
-------------------------++-------
Melee: Falchion          ||    85
 Cast: Infusion          ||     2
       Song of Slaying   ||     1
  Eat: Chunk             ||     3
Armor: Leather armour    ||    31
Dodge: Dodged            ||    64
